 Dungeon Crawl Stone Soup version 0.23.2-1-ga50397a (webtiles) character file.

Game seed: 9652987094650492877

27191 teukkam the Cleaver (level 13, -9/107 HPs)
             Began as a Minotaur Fighter on Apr 16, 2019.
             Was the Champion of Zin.
             Mangled by a two-headed ogre
             ... wielding a +0 giant spiked club
              (17 damage)
             ... on level 12 of the Dungeon.
             The game lasted 01:12:29 (19282 turns).

teukkam the Cleaver (Minotaur Fighter)             Turns: 19282, Time: 01:12:30

Health: -9/107     AC:  6    Str: 28    XL:     13   Next: 3%
Magic:  18/18      EV: 11    Int:  5    God:    Zin [******]
Gold:   397        SH:  0    Dex: 11    Spells: 12/12 levels left

rFire    + + +     SeeInvis .   a - +3 trident
rCold    + + .     Gourm    .   (no shield)
rNeg     . . .     Faith    .   e - +0 leather armour of the Sea {+Blink rElec rF+ MR+}
rPois    +         Spirit   .   (helmet restricted)
rElec    +         Reflect  .   z - +0 cloak of Midnight {rPois rF+ rC++}
rCorr    +         Harm     .   r - +0 pair of gloves
MR       +....                  (no boots)
Stlth    ++........             (no amulet)
HPRegen  0.27/turn              w - ring of resist corrosion
MPRegen  0.16/turn              p - ring of Wecry {Wiz rF+ Str+3}

@: lightly drained
A: retaliatory headbutt, horns 2
a: Recite, Vitalisation, Imprison, Sanctuary, Donate Gold, Renounce Religion,
Evoke Blink


You were on level 12 of the Dungeon.
You worshipped Zin.
Zin was exalted by your worship.
You were not hungry.

You visited 2 branches of the dungeon, and saw 15 of its levels.
You also visited: Ice Cave.

You collected 1453 gold pieces.
You spent 929 gold pieces at shops.
You donated 127 gold pieces to Zin.

Inventory:

Hand Weapons
 a - a +3 trident (weapon)
 b - a +1 shortbow of freezing
 F - a +4 dire flail
 I - a +4 spear
 J - a +2 war axe
 N - a +1 mace of crushing
 Q - a +0 whip of flaming
Missiles
 l - 5 needles of paralysis
 u - 8 tomahawks
 C - a poisoned tomahawk (quivered)
 E - 56 poisoned needles
 R - 17 javelins
 T - 4 throwing nets
 Y - 23 sling bullets
 Z - 154 arrows
Armour
 c - a +0 shield
 e - the +0 leather armour of the Sea (worn) {+Blink rElec rF+ MR+}
   (You took it off an orc wizard on level 11 of the Dungeon)

   It protects you from fire.
   It insulates you from electricity.
   It affects your resistance to hostile enchantments.
   It lets you blink.
 r - a +0 pair of gloves (worn)
 x - the +2 ring mail "Jewiyc" {rElec rF+ rC- Int+6}
   (You bought it in a shop on level 10 of the Dungeon)

   It affects your intelligence (+6).
   It protects you from fire.
   It makes you vulnerable to cold.
   It insulates you from electricity.
 z - the +0 cloak of Midnight (worn) {rPois rF+ rC++}
   (You bought it in a shop on level 10 of the Dungeon)

   It protects you from fire.
   It greatly protects you from cold.
   It protects you from poison.
Jewellery
 m - an uncursed ring of stealth
 p - the ring of Wecry (right hand) {Wiz rF+ Str+3}
   (You found it in an ice cave)

   [ring of wizardry]

   It improves your spell success rate.
   It affects your strength (+3).
   It protects you from fire.
 w - a ring of resist corrosion (left hand)
 A - a +4 ring of evasion
 B - an uncursed ring of protection from magic
 K - an uncursed ring of fire
 O - a +2 ring of intelligence
 W - an uncursed ring of flight
Wands
 h - a wand of paralysis (9)
 H - a wand of acid (13)
 S - a wand of digging (3)
 V - a wand of iceblast (5)
Scrolls
 g - 2 scrolls of enchant armour
 j - 4 scrolls of teleportation
 k - a scroll of fear
 n - 12 scrolls of identify
 y - 4 scrolls of magic mapping
 D - 2 scrolls of amnesia
 L - 2 scrolls of blinking
 U - a scroll of random uselessness {unknown}
 X - 8 scrolls of remove curse
Potions
 d - a potion of might
 i - a potion of ambrosia {unknown}
 o - a potion of mutation
 q - a potion of agility
 s - 3 potions of curing
 t - 2 potions of flight {unknown}
 v - 3 potions of berserk rage {unknown}
 G - 3 potions of degeneration {unknown}
 M - a potion of brilliance
 P - a potion of invisibility {unknown}
Comestibles
 f - 7 rations


   Skills:
 - Level 8.0(7.5) Fighting
   Level 4.9(4.5) Short Blades
 - Level 11.3(12.8) Axes
 - Level 8.7(10.6) Maces & Flails
 - Level 8.7(10.7) Polearms
 - Level 9.4(8.9) Bows
 + Level 7.3(6.8) Armour
 - Level 4.7(4.2) Stealth
 - Level 5.5(5.0) Shields
 + Level 9.1(8.5) Invocations
 + Level 4.5(4.0) Evocations


You had 12 spell levels left.
You didn't know any spells.
Your spell library contained the following spells:

 Spells                   Type           Power        Failure   Level  Hunger
 Confusing Touch          Hex            #.....       24%         1    ##.....
 Flame Tongue             Conj/Fire      #....        24%         1    ##.....
 Throw Flame              Conj/Fire      #.....       32%         2    ###....
 Confuse                  Hex            #.......     54%         3    ####...
 Conjure Flame            Conj/Fire      #.......     54%         3    ####...
 Gell's Gravitas          Tloc           #.........   54%         3    ####...
 Inner Flame              Hex/Fire       #.......     54%         3    ####...
 Petrify                  Tmut/Erth      #.......     90%         4    #####..
 Sticky Flame             Conj/Fire      #.......     90%         4    #####..
 Fireball                 Conj/Fire      #.........   99%         5    ######.
 Metabolic Englaciation   Hex/Ice        #.........   99%         5    ######.
 Yara's Violent Unravell  Hex/Tmut       #.........   99%         5    ######.


Dungeon Overview and Level Annotations

Branches:
Dungeon (12/15)            Temple (0/1) D:5            Lair (3/6) D:10
 Shoals (0/4) Lair:2        Snake (0/4) Lair:2
    Orc: D:9-12

Altars:
Dithmenos
Elyvilon
Fedhas
Gozag
Hepliaklqana
Nemelex Xobeh
Qazlal
Uskayaw
Vehumet
Xom
Yredelemnul
Zin

Shops:
D:7 :   D:8 %   D:10 }[(*[

Annotations:
D:11 Josephine


Innate Abilities, Weirdness & Mutations

You reflexively headbutt those who attack you in melee.
You have a pair of horns on your head.


Message History

The two-headed ogre hits you with a +0 giant spiked club!
The two-headed ogre hits you with a +0 giant club!!
You hit the two-headed ogre but do no damage.
The two-headed ogre is lightly wounded.
You hit the two-headed ogre. You headbutt the two-headed ogre!
The two-headed ogre is moderately wounded.
The two-headed ogre hits you with a +0 giant spiked club.
The two-headed ogre hits you with a +0 giant club.
The two-headed ogre barely misses you. You furiously retaliate!
You headbutt the two-headed ogre!
The two-headed ogre hits you with a +0 giant club!
Evoke which item? (* to show all) (? for menu, Esc to quit)
Aiming: Paralyse
Press: ? - help, Shift-Dir - straight line, f - two-headed ogre
Aim: a two-headed ogre, wielding a +0 giant spiked club and a +0 giant club (severely wounded, chance to defeat MR: 40%)
The two-headed ogre resists with some effort.
The two-headed ogre hits you with a +0 giant spiked club!!
* * * LOW HITPOINT WARNING * * *
The two-headed ogre hits you with a +0 giant club!
You die...

#.............
#...........!.
#...>.$.....(.
#.............
##......>......
...............
....#
##.....F######..#
#...# ######O#
#..# #...# #@#
#..# #...# #.#
#..# #...##
#.######..# #.....
#.........# #.....
#.####....# #..)..
#.# #....###)...#
######...........#
#........#####..#
#.......)# #..#


You could see a two-headed ogre and a bullfrog.

Vanquished Creatures
  A hydra (Lair:2)
  Harold (D:8)
  2 ice dragons (IceCv)
  2 two-headed ogres (D:8)
  Pikel (D:7)
  2 manticores
  2 black mambas (Lair:2)
  An ice statue (IceCv)
  3 spiny frogs
  3 rime drakes
  3 komodo dragons (Lair:1)
  2 trolls
  5 blink frogs (Lair:1)
  11 hippogriffs
  Sigmund (D:2)
  A shadow (D:11)
  2 wyverns
  A basilisk (Lair:2)
  19 yaks
  4 nagas (Lair:2)
  Duvessa (D:7)
  2 water moccasins
  4 orc warriors
  5 porcupines (Lair:1)
  3 black bears
  27 ice beasts
  7 sky beasts
  A necrophage (D:2)
  A phantom (D:7)
  4 wolves (Lair:2)
  6 ogres
  2 crocodiles (Lair:1)
  8 centaurs
  5 big kobolds
  A gnoll sergeant (D:9)
  12 bullfrogs
  Dowan (D:7)
  A scorpion (D:9)
  8 killer bees
  21 wights
  6 howler monkeys
  An electric eel (Lair:3)
  8 crimson imps
  A centaur zombie (D:4)
  A quasit (D:8)
  A bullfrog zombie (D:4)
  5 hounds
  Crazy Yiuf (D:7)
  7 jellies
  8 orc wizards
  7 orc priests
  A bullfrog skeleton (D:12)
  2 iguanas
  Terence (D:3)
  8 worker ants
  7 hell rats (Lair:2)
  4 hound zombies
  2 hound skeletons
  Robin (D:2)
  A howler monkey zombie (D:4)
  6 worker ant zombies
  10 gnolls
  12 adders
  15 river rats (Lair:2)
  6 oozes
  3 adder skeletons
  3 adder zombies (D:4)
  A worm (D:4)
  A dart slug (D:1)
  5 leopard geckos
  53 orcs
  A ball python (D:2)
  4 giant cockroaches
  8 goblins
  7 hobgoblins
  8 jackals
  23 kobolds
  12 quokkas
  8 bats
  3 frilled lizards
  2 leopard gecko skeletons
  A quokka skeleton (D:7)
  A quokka zombie (D:4)
  19 rats
472 creatures vanquished.

Vanquished Creatures (others)
  A leopard gecko (D:11)
  5 fungi
  3 plants
9 creatures vanquished.

Grand Total: 481 creatures vanquished

Notes
Turn   | Place    | Note
-------+----------+-------------------------------------------
     0 | D:1      | teukkam the Minotaur Fighter began the quest for the Orb.
     0 | D:1      | Reached XP level 1. HP: 19/19 MP: 0/0
    59 | D:3      | Noticed Terence
    73 | D:3      | Killed Terence
    73 | D:3      | Reached XP level 2. HP: 20/27 MP: 1/1
    90 | D:3      | Found a radiant altar of Vehumet.
   108 | D:3      | Found a glowing silver altar of Zin.
   108 | D:3      | Found an opulent altar of Gozag.
   116 | D:3      | Became a worshipper of Zin the Law-Giver
   133 | D:3      | Found a hide-covered altar of Uskayaw.
   273 | D:3      | Reached * piety under Zin
   319 | D:2      | Reached skill level 3 in Axes
   372 | D:2      | Noticed a necrophage
   381 | D:2      | Reached XP level 3. HP: 30/33 MP: 2/2
   388 | D:2      | Killed a necrophage
   388 | D:2      | Reached XP level 4. HP: 31/39 MP: 3/3
   466 | D:2      | Noticed Robin
   478 | D:2      | Reached XP level 5. HP: 45/45 MP: 4/4
   486 | D:2      | Killed Robin
   561 | D:2      | Noticed Sigmund
   568 | D:2      | Killed Sigmund
   568 | D:2      | Reached skill level 5 in Fighting
   568 | D:2      | Reached skill level 4 in Axes
   568 | D:2      | Reached skill level 5 in Armour
   568 | D:2      | Reached skill level 1 in Stealth
   568 | D:2      | Reached skill level 5 in Shields
   568 | D:2      | Reached XP level 6. HP: 54/54 MP: 5/5
  1321 | D:2      | Reached ** piety under Zin
  2461 | D:4      | Reached XP level 7. HP: 51/59 MP: 6/6
  2601 | D:4      | Reached *** piety under Zin
  2666 | D:4      | Reached skill level 5 in Axes
  2896 | D:4      | Reached skill level 1 in Short Blades
  3006 | D:4      | Found a stormy altar of Qazlal.
  3254 | D:5      | Entered Level 5 of the Dungeon
  3301 | D:5      | Found a staircase to the Ecumenical Temple.
  3464 | D:5      | Reached XP level 8. HP: 68/69 MP: 7/7
  3654 | D:5      | Found a shadowy altar of Dithmenos.
  3662 | D:5      | Reached skill level 6 in Axes
  3742 | D:5      | Reached **** piety under Zin
  4356 | D:6      | Reached skill level 7 in Axes
  4546 | D:6      | Found a blossoming altar of Fedhas.
  4622 | D:6      | Reached XP level 9. HP: 65/78 MP: 8/8
  5362 | D:7      | Reached skill level 1 in Maces & Flails
  5362 | D:7      | Reached skill level 1 in Polearms
  5396 | D:7      | Noticed Dowan
  5397 | D:7      | Noticed Duvessa
  5418 | D:7      | Killed Duvessa
  5440 | D:7      | Killed Dowan
  5521 | D:7      | Reached skill level 8 in Axes
  5524 | D:7      | Found a sparkling altar of Nemelex Xobeh.
  5731 | D:7      | Found a runed translucent door.
  5732 | D:7      | Noticed Crazy Yiuf
  5739 | D:7      | Killed Crazy Yiuf
  6134 | D:7      | Found a white marble altar of Elyvilon.
  6144 | D:7      | Reached ***** piety under Zin
  6256 | D:7      | Found Unocuo Pepn's Book Shoppe.
  6472 | D:7      | Noticed Pikel
  6490 | D:7      | Killed Pikel
  6490 | D:7      | Reached skill level 9 in Axes
  6652 | D:8      | Reached skill level 5 in Maces & Flails
  6672 | D:8      | Reached skill level 5 in Polearms
  6712 | D:8      | Reached XP level 10. HP: 80/86 MP: 9/9
  6751 | D:8      | Noticed Harold
  6760 | D:8      | Killed Harold
  6786 | D:8      | Noticed a two-headed ogre
  6795 | D:8      | Killed a two-headed ogre
  6795 | D:8      | Reached skill level 10 in Axes
  7395 | D:8      | Found a shimmering altar of Xom.
  7486 | D:8      | Found Ereavvay's Food Boutique.
  7594 | D:8      | Noticed a two-headed ogre
  7603 | D:8      | Killed a two-headed ogre
  8371 | D:9      | Found a hazy altar of Hepliaklqana.
  8372 | D:9      | Found a basalt altar of Yredelemnul.
  8493 | D:9      | Reached skill level 11 in Axes
  8743 | D:9      | Reached XP level 11. HP: 94/94 MP: 10/10
  9542 | D:10     | Entered Level 10 of the Dungeon
  9770 | D:10     | Reached skill level 1 in Bows
 10018 | D:10     | Found Qocadiz's Armour Boutique.
 10021 | D:10     | Bought the +0 cloak of Midnight {rPois rF+ rC++} for 402
                  | gold pieces
 10185 | D:10     | Found Sawog's Gadget Shop.
 10221 | D:10     | Reached skill level 1 in Invocations
 10486 | D:10     | Found Otozeink's Antique Weapon Boutique.
 10643 | D:10     | Found Wyxto's Armour Emporium.
 10665 | D:10     | Found a staircase to the Lair.
 10669 | Lair:1   | Entered Level 1 of the Lair of Beasts
 11049 | Lair:1   | Reached skill level 5 in Bows
 11112 | Lair:1   | Found a frozen archway.
 11359 | IceCv    | Entered an ice cave
 11377 | IceCv    | Reached skill level 5 in Invocations
 11729 | IceCv    | Noticed an ice dragon
 11729 | IceCv    | Noticed an ice dragon
 11758 | IceCv    | Killed an ice dragon
 11758 | IceCv    | Reached XP level 12. HP: 34/101 MP: 15/15
 11771 | IceCv    | Killed an ice dragon
 12103 | IceCv    | Reached ****** piety under Zin
 12129 | IceCv    | Got a twitching marble ring
 12131 | IceCv    | Identified the ring of Wecry {Wiz rF+ Str+3} (You found it
                  | in an ice cave)
 12488 | Lair:1   | Reached skill level 1 in Evocations
 13122 | Lair:1   | HP: 2/101 [yak (9)]
 16179 | Lair:2   | Found a staircase to the Shoals.
 16210 | Lair:2   | Found a staircase to the Snake Pit.
 16275 | Lair:2   | Noticed a six-headed hydra
 16292 | Lair:2   | Killed a six-headed hydra
 16664 | Lair:2   | Got a warped plate armour
 16675 | Lair:2   | Identified the cursed +1 plate armour "Godoamat" {rC+
                  | Dex+3} (You found it on level 2 of the Lair of Beasts)
 17152 | D:10     | Bought the +2 ring mail "Jewiyc" {rElec rF+ rC- Int+6} for
                  | 527 gold pieces
 17386 | D:10     | Found Atopan's Assorted Antiques.
 18119 | D:11     | Identified the +0 leather armour of the Sea {+Blink rElec
                  | rF+ MR+}
 18766 | D:11     | Noticed Josephine
 18771 | D:11     | Reached XP level 13. HP: 82/107 MP: 18/18
 19282 | D:12     | Mangled by a two-headed ogre

Skill      XL: |  1  2  3  4  5  6  7  8  9 10 11 12 |
---------------+-------------------------------------+-----
Fighting       | 4 5 6 7 8 |  8.0
Armour         | 4 5 7 |  7.3
Shields        | 4 5 |  5.5
Axes           | 3 4 5 7 9 11 | 11.3
Stealth        | 1 2 3 4 |  4.7
Short Blades   | 2 4 |  4.9
Maces & Flails | 5 8 |  8.7
Polearms       | 5 8 |  8.7
Bows           | 7 9 |  9.4
Invocations    | 6 9 |  9.1
Evocations     | 4 |  4.5

Action                   |  1- 3 |  4- 6 |  7- 9 | 10-12 | 13-15 || total
-------------------------+-------+-------+-------+-------+-------++-------
Melee: War axe           |    34 |   145 |   366 |   241 |       ||   786
       Headbutt          |     3 |    30 |    64 |   221 |    11 ||   329
       Whip              |       |       |       |   272 |       ||   272
       Trident           |       |       |       |   569 |    31 ||   600
 Fire: Shortbow          |       |       |       |    77 |       ||    77
Throw: Tomahawk          |       |     6 |    17 |    35 |       ||    58
Invok: Recite            |       |       |     1 |     8 |       ||     9
       Vitalisation      |       |       |       |     1 |       ||     1
 Abil: Evoke Flight      |       |       |       |     3 |       ||     3
Evoke: Wand              |       |       |     1 |    10 |     1 ||    12
  Use: Scroll            |       |     9 |     2 |    10 |     1 ||    22
       Potion            |       |       |     1 |    17 |       ||    18
 Stab: Confused          |       |       |       |     4 |       ||     4
       Distracted        |       |       |       |     1 |       ||     1
       Paralysed         |       |       |       |     4 |       ||     4
       Invisible         |       |       |       |     2 |       ||     2
  Eat: Chunk             |       |     3 |     6 |     6 |       ||    15
       Ration            |       |     1 |     2 |    10 |     1 ||    14
Armor: Scale mail        |     2 |       |       |       |       ||     2
       Chain mail        |    15 |    69 |   162 |   398 |       ||   644
       Ring mail         |       |       |       |    23 |       ||    23
       Plate armour      |       |       |       |    21 |       ||    21
       Leather armour    |       |       |       |     6 |     4 ||    10
Dodge: Dodged            |    14 |    32 |    97 |   316 |    13 ||   472
Block: Shield            |    23 |    85 |   205 |    90 |       ||   403
